 Dungeon Crawl Stone Soup version 0.31.0-9-g3a7656b989 (webtiles) character file.

Game seed: 7590699180651485077

1929 Peloso the Carver (level 8, -4/71 HPs)
             Began as a Minotaur Fighter on Jan 27, 2024.
             Killed from afar by a steam dragon (17 damage)
             ... with a ball of steam
             ... on level 5 of the Dungeon.
             The game lasted 00:09:43 (4470 turns).

Peloso the Carver (Minotaur Fighter)                Turns: 4470, Time: 00:09:43

Health: -4/71      AC: 13    Str: 22    XL:     8   Next: 96%
Magic:  7/7        EV:  7    Int:  5    God:
Gold:   234        SH:  7    Dex: 11    Spells: 7/7 levels left

rFire   . . .        a - +0 long sword (heavy)
rCold   . . .        d - +2 buckler
rNeg    . . .        o - +0 plate armour
rPois   .            (helmet restricted)
rElec   .            (no cloak)
rCorr   .            (no gloves)
SInv    .            (no boots)
Will    .....        (no amulet) Stlth
                     (no ring)
HPRegen 0.31/turn    (no ring)
MPRegen 0.10/turn

%: no passive effects
@: no status effects
A: horns 2, retaliatory headbutt
a: no special abilities


You were on level 5 of the Dungeon.
You visited 2 branches of the dungeon, and saw 6 of its levels.
You also visited: Sewer.

You collected 234 gold pieces.

Inventory:

Hand Weapons
 a - a +0 heavy long sword (weapon)
 b - a +0 scimitar
Armour
 c - a +2 scale mail of fire resistance
 d - a +2 buckler (worn)
 o - a +0 plate armour (worn)
Jewellery
 u - an amulet of the acrobat
 v - an amulet of magic regeneration
Scrolls
 e - 2 scrolls of identify
 f - a scroll of summoning
 g - a scroll of teleportation
 i - 2 scrolls of fear
 m - a scroll of brand weapon
 p - a scroll of immolation
 q - a scroll of poison
 s - a scroll of fog
Potions
 h - a potion of magic {unknown}
 j - a potion of might
 k - a potion of curing
 n - a potion of brilliance
 r - a potion of haste
 t - 2 potions of mutation


   Skills:
 + Level 6.5 Fighting
 + Level 8.6 Long Blades
 + Level 8.2 Armour
 + Level 2.0 Dodging
 + Level 0.3 Stealth
 + Level 6.9 Shields


You had 7 spell levels left.
You didn't know any spells.
Your spell library contained the following spells:

 Spells                   Type           Power      Damage    Failure   Level
 Call Imp                 Summ           0%         N/A       100%        2
 Sublimation of Blood     Necr           0%         N/A       100%        2
 Dazzling Flash           Conj/Hex       0%         N/A       100%        3
 Mephitic Cloud           Conj/Alch/Air  0%         N/A       100%        3
 Volatile Blastmotes      Fire/Tloc      0%         2d10      100%        3
 Curse of Agony           Necr           0%         N/A       100%        5
 Silence                  Hex/Air        0%         N/A       100%        5
 Starburst                Conj/Fire      0%         6d3       100%        6
 Summon Hydra             Summ           0%         N/A       100%        7
 Maxwell's Capacitive Co  Air            0%         ∞         100%        8


Dungeon Overview and Level Annotations

Branches:
Dungeon (5/15)             Temple (1/1) D:4           Sewer (visited)

Altars:
Ashenzari
Cheibriados
Elyvilon
Fedhas
Makhleb
Qazlal
Sif Muna
Trog
Vehumet
Lugonu

Shops:
D:5 [


Innate Abilities, Weirdness & Mutations

You have a pair of horns on your head.
You reflexively headbutt those who attack you in melee.


Message History

You are engulfed in a cloud of scalding steam.
You are engulfed in a cloud of scalding steam.
The jelly is engulfed in a cloud of scalding steam.
The jelly dies!
You closely miss the steam dragon. Your headbutt misses the steam dragon.
The steam dragon bites you but does no damage.
You block the steam dragon's attack.
You barely miss the steam dragon. Your headbutt misses the steam dragon.
You block the steam dragon's attack.
The steam dragon claws you but does no damage.
The steam dragon breathes steam at you. The ball of steam hits you!
* * * LOW HITPOINT WARNING * * *
You slash the steam dragon!
The steam dragon is moderately wounded.
You are engulfed in a cloud of scalding steam.
* * * LOW HITPOINT WARNING * * *
The steam dragon bites you.
* * * LOW HITPOINT WARNING * * *
You block the steam dragon's attack.
You hit the steam dragon but do no damage.
The steam dragon is moderately wounded.
You are engulfed in a cloud of scalding steam.
The steam dragon bites you but does no damage.
You block the steam dragon's attack. x2
The steam dragon claws you but does no damage.
You hit the steam dragon. Your headbutt misses the steam dragon.
The steam dragon is heavily wounded.
You are engulfed in a cloud of scalding steam.
* * * LOW HITPOINT WARNING * * *
The steam dragon barely misses you. You furiously retaliate!
You headbutt the steam dragon.
The steam dragon claws you but does no damage.
You barely miss the steam dragon.
The steam dragon is severely wounded.
The steam dragon barely misses you.
The steam dragon claws you but does no damage.
The steam dragon breathes steam at you. The ball of steam hits you!
You die...

#.# ####### #.# #.#
### #.# #.. #.# #..
#.# ######### ##..
#.# #........ ......
#.###....[... ...?..
#..@D........ ......
#####...............
######... .###.. .
...... ###<.. #.....
.#... ###. ##


You could see a steam dragon (catching breath).

Vanquished Creatures
  A two-headed ogre (D:5)
  Edmund (D:5)
  A water moccasin (D:5)
  Duvessa (D:5)
  An ice beast (D:5)
  An ogre (D:4)
  2 bullfrogs (Sewer)
  A scorpion (D:5)
  Dowan (D:5)
  3 hounds
  2 orc priests (D:4)
  A bombardier beetle (D:5)
  2 jellies (D:5)
  2 iguanas (D:5)
  2 orc wizards (D:4)
  5 gnolls
  9 adders
  A shadow imp (D:5)
  2 ufetubi (D:5)
  11 dart slugs
  2 ribbon worms
  6 orcs
  14 ball pythons
  8 endoplasms
  9 giant cockroaches
  9 goblins
  7 hobgoblins
  11 kobolds
  7 quokkas
  2 bats (D:1)
  12 frilled lizards
  9 rats
146 creatures vanquished.

Vanquished Creatures (others)
  A jelly (D:5)
1 creature vanquished.

Grand Total: 147 creatures vanquished

Notes
Turn   | Place    | Note
-------+----------+-------------------------------------------
     0 | D:1      | Peloso the Minotaur Fighter began the quest for the Orb.
     0 | D:1      | Reached XP level 1. HP: 19/19 MP: 0/0
   159 | D:1      | Reached XP level 2. HP: 26/27 MP: 1/1
   319 | D:1      | Reached XP level 3. HP: 11/33 MP: 2/2
   953 | D:2      | Reached XP level 4. HP: 39/40 MP: 3/3
  1126 | D:2      | Reached skill level 1 in Dodging
  1347 | D:2      | Found a faded altar of an unknown god.
  1699 | D:3      | Reached XP level 5. HP: 34/46 MP: 4/4
  2250 | D:4      | Found a staircase to the Ecumenical Temple.
  2263 | Temple   | Entered the Ecumenical Temple
  2393 | D:4      | Reached skill level 5 in Armour
  2480 | D:4      | Reached XP level 6. HP: 28/53 MP: 5/5
  2483 | D:4      | Reached skill level 5 in Long Blades
  3244 | D:5      | Entered Level 5 of the Dungeon
  3307 | D:5      | Reached XP level 7. HP: 34/60 MP: 6/6
  3323 | D:5      | Noticed a two-headed ogre
  3324 | D:5      | Found Qausos's Antique Armour Emporium.
  3330 | D:5      | Killed a two-headed ogre
  3331 | D:5      | Reached skill level 5 in Fighting
  3331 | D:5      | Reached skill level 5 in Shields
  3331 | D:5      | Reached XP level 8. HP: 5/69 MP: 7/7
  3411 | D:5      | Found a glowing drain.
  3532 | Sewer    | Entered a sewer
  4210 | D:5      | Noticed Duvessa
  4211 | D:5      | Noticed Dowan
  4218 | D:5      | Killed Duvessa
  4225 | D:5      | Killed Dowan
  4270 | D:5      | Noticed Edmund
  4283 | D:5      | Killed Edmund
  4470 | D:5      | Killed from afar by a steam dragon

Illustrated notes

Levels and vault maps discovered:
D:1:      spicycebolla_arrival_xxxplode, layout_basic,
          chequers_serial_rivers_micro_b, hangedman_decor_growths
D:2:      layout_basic, hellmonk_ecumenical_altar_defaced_shrine,
          roderic_lattice_a
D:3:      layout_loops_ring
D:4:      layout_cave_pools, minmay_temple_entry_purple_smoke,
          grunt_ministairs_2, kennysheep_pointless_box,
          nicolae_concentric_dashed_squares_wild
D:5:      layout_basic, grunt_temple_overflow_gold_and_silver,
          gup_sewer_entry_pipe, serial_shops, shop, grunt_decor_fettered,
          kennysheep_generic_room_12, uniq_duvessa, uniq_blork_the_orc,
          uniq_edmund
Temple:   kb_corrupted_temple

Skill      XL: |  1  2  3  4  5  6  7  8 |
---------------+-------------------------+-----
Armour         | 4 5 6 7 8 |  8.2
Shields        | 4 5 6 |  6.9
Fighting       | 4 5 6 |  6.5
Long Blades    | 3 4 5 6 8 |  8.6
Dodging        | 1 2 |  2.0
Stealth        | |  0.3

Action                     |  1- 3 |  4- 6 |  7- 9 || total
---------------------------+-------+-------+-------++-------
  Melee: Long sword        |    89 |   171 |   154 ||   414
         Headbutt          |    15 |    23 |    23 ||    61
    Use: Potion            |     1 |     3 |     1 ||     5
         Scroll            |       |       |    11 ||    11
 Armour: Scale mail        |    50 |    37 |       ||    87
         Plate armour      |       |   140 |   158 ||   298
  Dodge: Dodged            |    46 |    70 |    51 ||   167
  Block: Buckler           |    33 |    59 |    61 ||   153
